 Dungeon Crawl Stone Soup version 0.31-a0-259-g771a54ca4b (webtiles) character file.

Game seed: 1310174395577745132

51 qw the Shooter (level 3, 0/29 HPs)
             Began as a Minotaur Hexslinger on July 13, 2023.
             Slain by a hobgoblin (4 damage)
             ... led by Robin
             ... on level 2 of the Dungeon.
             The game lasted 00:00:23 (1190 turns).

qw the Shooter (Minotaur Hexslinger)                Turns: 1190, Time: 00:00:24

Health: 0/29       AC:  2    Str: 12    XL:     3   Next: 57%
Magic:  3/3        EV: 12    Int: 10    God:
Gold:   89         SH:  0    Dex: 14    Spells: 3/4 levels left

rFire   . . .        Y - +1 sling
rCold   . . .        (no shield)
rNeg    . . .        c - +0 robe
rPois   .            (helmet restricted)
rElec   .            (no cloak)
rCorr   .            (no gloves)
SInv    .            (no boots)
Will    .....        (no amulet)
Stlth   +            (no ring)
HPRegen 0.24/turn    (no ring)
MPRegen 0.08/turn

%: no passive effects
@: no status effects
A: horns 2, retaliatory headbutt
a: no special abilities


You were on level 2 of the Dungeon.
You visited 1 branch of the dungeon, and saw 2 of its levels.

You collected 89 gold pieces.


Innate Abilities, Weirdness & Mutations

You have a pair of horns on your head.
You reflexively headbutt those who attack you in melee.


   Skills:
 - Level 2.0 Fighting
 + Level 4.1 Ranged Weapons
 - Level 2.1 Dodging
 - Level 1.0 Spellcasting
 - Level 2.0 Hexes


You had 3 spell levels left.
You knew the following spells:

 Your Spells              Type           Power      Damage    Failure   Level
a - Slow                  Hex            16%        N/A       16%         1

Your spell library contained the following spells:

 Spells                   Type           Power      Damage    Failure   Level
 Inner Flame              Hex/Fire       2%         N/A       56%         3
 Portal Projectile        Hex/Tloc       4%         N/A       56%         3
 Cause Fear               Hex            2%         N/A       83%         4

Inventory:

Hand Weapons
 Y - a +1 sling (weapon)
Armour
 c - a +0 robe (worn)
Scrolls
 a - 3 scrolls of identify
Potions
 b - a potion of haste {unknown}
 h - a potion of curing

Dungeon Overview and Level Annotations

Branches:
Dungeon (2/15)

Altars:

Annotations:
D:2 Robin


Message History

You shoot a sling bullet. The sling bullet hits the quokka.
You kill the quokka!
A hobgoblin comes into view.
The hobgoblin hits you.
You shoot a sling bullet.
The sling bullet barely misses the hobgoblin.
Robin throws the goblin at you! The goblin closely misses you.
You furiously retaliate!
You headbutt the goblin, but do no damage.
A goblin comes into view. It is wielding a +0 dagger.
The hobgoblin completely misses you.
Robin roars a battlecry!
The goblins go into a battle-frenzy!
The goblin shouts!
You hear a shout! x2
You shoot a sling bullet.
The sling bullet hits the hobgoblin but does no damage.
The hobgoblin is moderately wounded.
The goblin misses you. You furiously retaliate!
You headbutt the goblin.
You kill the goblin!
The hobgoblin closely misses you. Robin closely misses you.
You furiously retaliate!
You headbutt Robin! You shoot a sling bullet.
The sling bullet closely misses Robin.
The sling bullet hits the hobgoblin but does no damage.
A hobgoblin comes into view.
Robin roars a battlecry!
The hobgoblin goes into a battle-frenzy!
The hobgoblin misses you.
You hear a shout!
You shoot a sling bullet.
The sling bullet hits Robin but does no damage.
Robin is severely wounded.
Robin roars a battlecry!
The hobgoblin misses you. The hobgoblin hits you.
A goblin comes into view. It is wielding a +0 dagger.
You hear a shout!
You shoot a sling bullet.
The sling bullet hits Robin but does no damage.
Robin is severely wounded.
The hobgoblin misses you. Robin hits you with a +0 club.
The hobgoblin hits you.
You die...

# #.#.#####.# #.#
.. #.#.......# #.#
... #.######### #.#
#...# #.# #.# .#.#
#+# #.# #.#
...###### #.#
........# #.#
......gg#########.#
......g@)......##.#
#....gg~##........#
....~##~~###..###.#
..g. ~#~~~~..# #.#
..g ~~~~~~##.# #.#
.. ~#~~~#~~#.| ...
# #~~~~~~~~#.##.##
# ~# ~# ~#.. . ~~
....#


You could see Robin, 4 hobgoblins and 2 goblins.

Vanquished Creatures
  An adder (D:2)
  2 ball pythons
  3 endoplasms (D:1)
  2 giant cockroaches
  8 goblins
  4 hobgoblins
  7 jackals (D:1)
  A kobold (D:1)
  3 quokkas
  A frilled lizard (D:1)
  A rat (D:1)
33 creatures vanquished.

Notes
Turn   | Place    | Note
-------+----------+-------------------------------------------
     0 | D:1      | qw the Minotaur Hexslinger began the quest for the Orb.
     0 | D:1      | Reached XP level 1. HP: 16/16 MP: 1/1
     0 | D:1      | 0 ||| qw: Version: 0.3-a-52-g30416fa
     0 | D:1      | 0 ||| qw: Game counter: 6879
     0 | D:1      | 0 ||| qw: Melee chars always use a shield: true
     0 | D:1      | 0 ||| qw: God list: Okawaru
     0 | D:1      | 0 ||| qw: Allow faded altars: false
     0 | D:1      | 0 ||| qw: Do Orc after clearing Dungeon:15 true
     0 | D:1      | 0 ||| qw: Do second Lair branch before Depths: true
     0 | D:1      | 0 ||| qw: Lair rune preference: random
     0 | D:1      | 0 ||| qw: Goals: Normal
     0 | D:1      | 0 ||| PLANNING D:1-11
   104 | D:1      | Found a faded altar of an unknown god.
   160 | D:1      | Reached skill level 3 in Ranged Weapons
   163 | D:1      | Reached XP level 2. HP: 23/23 MP: 2/2
   731 | D:1      | 731 ||| READING 5 scrolls labelled GENOIFRUSE.
   732 | D:1      | 732 ||| READING scroll labelled CAAQYT XACIVA.
   733 | D:1      | 733 ||| READING scroll labelled QEBOINO WABLIEN.
   776 | D:1      | 776 ||| READING scroll labelled ANEEF HUVAYNLU.
   777 | D:1      | 777 ||| READING 4 scrolls of identify.
   777 | D:1      | 777 ||| IDENTIFYING metallic cyan potion
   778 | D:1      | 778 ||| READING 3 scrolls of identify.
   778 | D:1      | 778 ||| IDENTIFYING murky grey potion
   779 | D:1      | 779 ||| DROPPING scroll of poison.
   780 | D:1      | 780 ||| DROPPING potion of berserk rage.
   855 | D:2      | Reached XP level 3. HP: 29/29 MP: 3/3
  1040 | D:2      | Reached skill level 4 in Ranged Weapons
  1180 | D:2      | Noticed Robin
  1189 | D:2      | HP: 7/29 [hobgoblin[Robin] (6)]
  1190 | D:2      | Slain by a hobgoblin

Levels and vault maps discovered:
D:1:      minmay_arrival_cross, layout_loops_ring, ebering_ecumenical_altar_box,
          roderic_malta_cross
D:2:      layout_basic, minivault_4, minivault_5, nicolae_elevator_lobby_plus,
          uniq_robin

Skill      XL: |  1  2  3 |
---------------+----------+-----
Ranged Weapons | 3 4 |  4.1
Fighting       | 2 |  2.0
Dodging        | |  2.1
Spellcasting   | |  1.0
Hexes          | |  2.0

Action                     || total
---------------------------++-------
   Fire: Sling             ||    93
    Use: Scroll            ||     6
 Armour: Robe              ||    12
  Dodge: Dodged            ||    36

Table legend:
 A = Non-vault XP
 B = Vault XP
 C = Vault XP percentage of total XP
 D = Non-vault monster count
 E = Vault monster count
 F = Vault count percentage of total count
                 A         B        C        D         E       F
            +---------+---------+-------+---------+---------+-------
      Total |      67 |       6 |   8.2 |      30 |       3 |   9.1
            +---------+---------+-------+---------+---------+-------
        D:1 |      37 |       0 |   0.0 |      20 |       0 |   0.0
        D:2 |      30 |       6 |  16.7 |      10 |       3 |  23.1
            +---------+---------+-------+---------+---------+-------
